 Dungeon Crawl Stone Soup version 0.22-a0-619-ga0c6fd2 (webtiles) character file.

123 Supahsalami the Chopper (level 4, 0/35 HPs)
             Began as a Demonspawn Gladiator on July 14, 2018.
             Killed by nerve-wracking pain
             ... invoked by an orc priest
              (10 damage)
             ... on level 4 of the Dungeon.
             The game lasted 00:08:37 (3684 turns).

Supahsalami the Chopper (Demonspawn Gladiator)      Turns: 3684, Time: 00:08:37

Health: 0/35       AC:  8    Str: 15    XL:     4   Next: 80%
Magic:  0/4        EV: 11    Int:  9    God:
Gold:   95         SH:  3    Dex: 15    Spells: 3/3 levels left

rFire    . . .     SeeInvis .   a - +0 war axe
rCold    . . .     Gourm    .   x - +0 buckler
rNeg     . . .     Faith    .   q - +0 ring mail
rPois    .         Spirit   +   c - +0 helmet
rElec    .         Reflect  .   (no cloak)
rCorr    .         Harm     .   m - +0 pair of gloves
MR       .....                  h - +0 pair of boots
Stlth    +.........             (no amulet)
HPRegen  0.11/turn              (no ring)
MPRegen  0.09/turn              (no ring)

@: no status effects
A: demonic guardian 1, magic shield
a: no special abilities


You were on level 4 of the Dungeon.
You were hungry.

You visited 1 branch of the dungeon, and saw 4 of its levels.

You collected 95 gold pieces.

Inventory:

Hand Weapons
 a - a +0 war axe (weapon)
 s - a +2 hand axe of distortion
 t - a +0 flail
 u - a +0 halberd
Missiles
 d - 3 throwing nets (quivered)
Armour
 c - a +0 helmet (worn)
 h - a +0 pair of boots (worn)
 m - a +0 pair of gloves (worn)
 q - a +0 ring mail (worn)
 x - a +0 buckler (worn)
Jewellery
 g - an uncursed amulet of faith {unknown}
 o - an uncursed ring of ice {unknown}
Scrolls
 e - 5 scrolls of identify {unknown}
 i - 4 scrolls of teleportation {unknown}
 j - a scroll of enchant armour {unknown}
 k - a scroll of blinking {unknown}
 l - a scroll of fog {unknown}
 p - a scroll of magic mapping {unknown}
 r - a scroll of enchant weapon {unknown}
 v - 3 scrolls of remove curse {unknown}
Potions
 w - a potion of resistance
Comestibles
 f - 9 rations
 n - 7 chunks of flesh


   Skills:
 + Level 3.0 Fighting
 * Level 4.1 Axes
 - Level 1.7 Throwing
 + Level 1.7 Armour
 - Level 2.6 Dodging
 + Level 0.0 Shields


You had 3 spell levels left.
You didn't know any spells.
Your spell library was empty.

Dungeon Overview and Level Annotations

Branches:
Dungeon (4/15)
 Temple: D:4-7

Altars:
Elyvilon
Fedhas
Gozag
Hepliaklqana


Innate Abilities, Weirdness & Mutations

A weak demonic guardian rushes to your aid.
When hurt, damage is shared between your health and your magic reserves.


Message History

Something hits your shadow imp but does no damage.
You barely miss the orc priest.
The orc priest is severely wounded.
You closely miss the orc. You hit the orc wizard.
The orc priest calls down the wrath of Beogh upon you.
Pain shoots through your body!
Your shadow imp misses something.
The orc hits you but does no damage.
Something closely misses your shadow imp.
The orc wizard hits you but does no damage.
The orc priest hits you with a flail.
* * * LOW HITPOINT WARNING * * *
You barely miss the orc priest.
The orc priest is severely wounded.
You hit the orc. You barely miss the orc wizard.
Your shadow imp barely misses something.
You block the orc's attack. Something hits your shadow imp.
The orc wizard hits you but does no damage.
The orc priest invokes the aid of Beogh against you.
Pain shoots through your body!
You die...

.< .# ... ##.# #...
####..## # # #.....o# .#
# #. #..@##..#
#.#.##.5oo)..#
######..#......{####.....
<.........#.###.####....#
######.. #...........# #
..#.##....#######.
.............#...
........<.##...#
.....####.##...###


You could see an orc priest, an orc wizard, an orc and a friendly shadow imp.

Vanquished Creatures
  2 adders (D:3)
  2 gnolls (D:3)
  2 oozes
  2 worms
  2 dart slugs (D:1)
  A leopard gecko (D:1)
  An orc (D:4)
  3 ball pythons
  4 giant cockroaches
  2 goblins
  5 hobgoblins
  5 jackals (D:3)
  A quokka (D:2)
  18 bats
  5 frilled lizards
  5 kobolds
  13 rats
73 creatures vanquished.

Vanquished Creatures (collateral kills)
  A gnoll (D:3)
1 creature vanquished.

Grand Total: 74 creatures vanquished

Notes
Turn   | Place    | Note
-------+----------+-------------------------------------------
     0 | D:1      | Supahsalami the Demonspawn Gladiator began the quest for the Orb.
     0 | D:1      | Reached XP level 1. HP: 16/16 MP: 1/1
   308 | D:1      | Reached skill level 3 in Axes
   308 | D:1      | Gained mutation: A weak demonic guardian rushes to your aid. [demonic ancestry]
   308 | D:1      | Reached XP level 2. HP: 22/22 MP: 2/2
   778 | D:1      | Reached skill level 1 in Armour
   778 | D:1      | Gained mutation: When hurt, damage is shared between your health and your magic reserves. [demonic ancestry]
   778 | D:1      | Reached XP level 3. HP: 26/28 MP: 3/3
  1891 | D:2      | Found a white marble altar of Elyvilon.
  1891 | D:2      | Found a blossoming altar of Fedhas.
  1891 | D:2      | Found a hazy altar of Hepliaklqana.
  2274 | D:3      | Reached XP level 4. HP: 27/34 MP: 2/4
  2860 | D:3      | Reached skill level 4 in Axes
  3144 | D:3      | Found an opulent altar of Gozag.
  3684 | D:4      | Killed from afar by an orc priest

Vault maps used:
D:1:      dpeg_arrival_circle_labyrinth_c
D:2:      gammafunk_temple_overflow_forgotten, first_ration
D:3:      marbit_many_paths
D:4:      roderic_batcave, minmay_small_thing

Skill      XL: |  1  2  3  4 |
---------------+-------------+-----
Axes           | 3 4 |  4.1
Armour         | 1 |  1.7
Fighting       | 3 |  3.0
Throwing       | |  1.7
Dodging        | |  2.6

Action                   |  1- 3 |  4- 6 || total
-------------------------+-------+-------++-------
Melee: War axe           |   117 |    78 ||   195
 Stab: Sleeping          |     2 |       ||     2
       Distracted        |     1 |       ||     1
  Eat: Chunk             |     3 |     2 ||     5
       Ration            |     1 |       ||     1
Armor: Leather armour    |    42 |    43 ||    85
       Ring mail         |       |    12 ||    12
Dodge: Dodged            |    83 |    78 ||   161
Block: Buckler           |       |     4 ||     4

Table legend:
 A = Spawn XP
 B = Non-spawn XP
 C = Spawn XP percentage of total XP
 D = Spawn monster count
 E = Non-spawn monster count
 F = Spawn count percentage of total count
 G = Total turns spent on level
                    A         B        C        D         E        F      G
               +---------+---------+-------+---------+---------+-------+---------
         Total |       0 |     177 |   0.0 |       0 |      74 |   0.0 |  3684
               +---------+---------+-------+---------+---------+-------+---------
           D:1 |       0 |      42 |   0.0 |       0 |      21 |   0.0 |  1257
           D:2 |       0 |      27 |   0.0 |       0 |      17 |   0.0 |   933
           D:3 |       0 |      92 |   0.0 |       0 |      25 |   0.0 |  1276
           D:4 |       0 |      16 |   0.0 |       0 |      11 |   0.0 |   218
               +---------+---------+-------+---------+---------+-------+---------
